 Dungeon Crawl Stone Soup version 0.28-a0-683-ga8797d1ae1 (webtiles) character file.

Game seed: 4502467548643057648

7253 KoroneIsBestGirl the Protected (level 11, 0/81 HPs)
             Began as a Barachi Ice Elementalist on Oct 18, 2021.
             Was an Initiate of Gozag.
             Slain by a shadow (6 damage)
             ... on level 10 of the Dungeon.
             The game lasted 00:27:00 (14685 turns).

KoroneIsBestGirl the Protected (BaIE)              Turns: 14685, Time: 00:27:00

Health: 0/81       AC: 26    Str:  9    XL:     11   Next: 12%
Magic:  21/23      EV:  7    Int: 18    God:    Gozag
Gold:   1617       SH:  5    Dex: 14    Spells: 19/26 levels left

rFire   . . .      SeeInvis .   B - +0 scimitar
rCold   . . .      Faith    .   z - +0 buckler
rNeg    . . .      Spirit   .   I - +5 chain mail of the Harp {rPois}
rPois   +          Reflect  .   d - +0 helmet
rElec   .          Harm     .   k - +0 cloak
rCorr   .          Rampage  .   l - +2 pair of gloves
Will    .....                   j - +2 pair of boots
Stlth   ..........              (no amulet)
HPRegen 0.23/turn               m - ring of wizardry
MPRegen 0.18/turn               (no ring)

@: unable to hop, hasted, very quick
A: amphibious, slowness 1, strong legs 1, +LOS
a: Hop, Renounce Religion, Potion Petition, Call Merchant, Bribe Branch


You were on level 10 of the Dungeon.
You worshipped Gozag.
Gozag was most pleased with you.
You visited 1 branch of the dungeon, and saw 10 of its levels.
You also visited: Sewer.

You collected 1651 gold pieces.
You paid 34 gold pieces to Gozag.

Inventory:

Hand Weapons
 b - a +0 short sword
 B - a +0 scimitar (weapon)
Missiles
 e - 2 throwing nets
Armour
 a - a +0 robe
 d - a +0 helmet (worn)
 i - a +0 pair of gloves
 j - a +2 pair of boots (worn)
 k - a +0 cloak (worn)
 l - a +2 pair of gloves (worn)
 u - a +2 ring mail of fire resistance
 z - a +0 buckler (worn)
 C - a +1 robe of willpower
 I - the +5 chain mail of the Harp (worn) {rPois}
   (You found it on level 8 of the Dungeon)

   rPois:     It protects you from poison.
Jewellery
 m - a ring of wizardry (left hand)
 F - a ring of fire
 H - a +4 ring of slaying
Wands
 D - a wand of flame (37)
 J - a wand of digging (7)
Scrolls
 f - 10 scrolls of identify
 g - 2 scrolls of amnesia
 h - 2 scrolls of noise
 o - 3 scrolls of vulnerability
 r - 3 scrolls of magic mapping
 t - 3 scrolls of enchant armour
 w - 4 scrolls of fear
 x - 2 scrolls of fog {unknown}
 y - a scroll of summoning
 A - 2 scrolls of teleportation {unknown}
Potions
 c - 2 potions of haste
 p - 6 potions of flight
 v - 3 potions of lignification {unknown}
 E - a potion of ambrosia {unknown}
 G - a potion of attraction {unknown}
 K - a potion of might {unknown}


   Skills:
 - Level 6.0 Fighting
 - Level 6.0 Long Blades
 * Level 10.6 Armour
 - Level 8.0 Dodging
 - Level 1.7 Stealth
 - Level 4.0 Shields
 - Level 8.0 Spellcasting
 - Level 8.0 Ice Magic


You had 19 spell levels left.
You knew the following spells:

 Your Spells              Type           Power      Damage    Failure   Level
a - Freeze                Ice            100%       1d11      6%          1
b - Ozocubu's Armour      Ice            36%        N/A       17%         3
c - Frozen Ramparts       Ice            72%        1d9       17%         3

Your spell library contained the following spells:

 Spells                   Type           Power      Damage    Failure   Level
 Sublimation of Blood     Necr           3%         N/A       90%         2
 Wereblood                Tmut           7%         N/A       90%         2
 Hailstorm                Conj/Ice       21%        3d6       95%         4
 Summon Forest            Summ/Tloc      3%         N/A       100%        5
 Eringya's Noxious Bog    Tmut/Pois      3%         N/A       100%        6
 Summon Hydra             Summ           3%         N/A       100%        7


Dungeon Overview and Level Annotations

Branches:
Dungeon (10/15)            Temple (0/1) D:4           Sewer (visited)
   Lair: D:8-11         Orc: D:9-12

Altars:
Ashenzari
Dithmenos
Fedhas
Gozag
Hepliaklqana
Kikubaaqudgha
Nemelex Xobeh
Qazlal
Uskayaw
Zin
The Shining One

Shops:
D:10 [

Annotations:
D:9 Maurice


Innate Abilities, Weirdness & Mutations

You are amphibious.
You cover ground slowly.
You can hop short distances.
You have an extended range of vision and can be seen from far away.


Message History

The shadow is heavily damaged.
The shadow hits you.
You hit the shadow but do no damage.
The shadow is heavily damaged.
You block the shadow's attack.
You barely miss the shadow.
The shadow is heavily damaged.
You block the shadow's attack.
Your chain mail of the Harp prevents you from hitting the shadow.
The shadow is heavily damaged.
You hit the shadow.
The shadow is heavily damaged.
The shadow slips into darkness.
The shadow flickers and vanishes!
Deactivating autopickup; reactivate with Ctrl-A.
There is a strange disturbance nearby!
The shadow strikes at you from the darkness!
* * * LOW HITPOINT WARNING * * *
Reactivating autopickup.
Your chain mail of the Harp prevents you from hitting the shadow.
The shadow is heavily damaged.
The shadow hits you.
You hit the shadow.
The shadow is heavily damaged.
You barely miss the shadow.
The shadow is heavily damaged.
The shadow hits you.
You closely miss the shadow.
The shadow is heavily damaged.
The shadow hits you.
You hit the shadow but do no damage.
The shadow is heavily damaged.
The shadow hits you.
You hit the shadow but do no damage.
The shadow is heavily damaged.
You closely miss the shadow.
The shadow is heavily damaged.
The shadow hits you.
You die...
Your body crumbles into a pile of gold.

.. .. .. #.. #..
#..########....
#.....@........
#....W#########
#.....# $ #.....#
#.....#
####.....#
.........########
######........)..
#...########


You could see a shadow.

Vanquished Creatures
  A two-headed ogre (D:10)
  Pikel (D:9)
  A manticore (D:6)
  Prince Ribbit (D:9)
  3 slime creatures (D:8)
  4 yaks (D:10)
  3 vampire mosquitoes (D:8)
  A wyvern (D:5)
  2 steam dragons (D:8)
  3 water moccasins
  2 orc warriors (D:6)
  3 sky beasts
  An ice beast (D:7)
  2 necrophages
  5 ogres
  2 centaurs
  A phantom (D:5)
  A lemure (D:9)
  Blork the orc (D:6)
  A bullfrog (D:8)
  A gnoll sergeant (D:5)
  A wyvern skeleton (D:6)
  A water moccasin skeleton (D:5)
  9 killer bees
  4 wights (D:7)
  A howler monkey (D:7)
  2 centaur zombies
  6 hounds
  A bullfrog zombie (D:5)
  4 jellies
  8 orc priests
  A bullfrog skeleton (D:5)
  2 centaur skeletons (D:7)
  4 iguanas
  3 orc wizards
  A howler monkey zombie (D:5)
  12 gnolls
  7 adders
  A river rat (D:5)
  2 white imps
  8 worms
  3 dart slugs
  25 orcs
  11 bats
  13 endoplasms
  6 giant cockroaches
  6 goblins
  7 hobgoblins
  9 jackals
  2 quokkas
  9 ball pythons
  10 frilled lizards
  6 kobolds
  5 rats
230 creatures vanquished.

Vanquished Creatures (others)
  30 plants
30 creatures vanquished.

Grand Total: 260 creatures vanquished

Notes
Turn   | Place    | Note
-------+----------+-------------------------------------------
     0 | D:1      | KoroneIsBestGirl the Barachi Ice Elementalist began the
                  | quest for the Orb.
     0 | D:1      | Reached XP level 1. HP: 13/13 MP: 3/3
    37 | D:1      | Reached skill level 5 in Ice Magic
   246 | D:1      | Reached XP level 2. HP: 19/19 MP: 3/5
   667 | D:1      | Reached XP level 3. HP: 16/24 MP: 0/7
  1372 | D:1      | Learned a level 3 spell: Ozocubu's Armour
  1972 | D:2      | Reached XP level 4. HP: 30/30 MP: 6/8
  2008 | D:2      | Found a shadowy altar of Dithmenos.
  2278 | D:2      | Found a faded altar of an unknown god.
  2694 | D:3      | Found an opulent altar of Gozag.
  2695 | D:3      | Found a hazy altar of Hepliaklqana.
  2695 | D:3      | Found a hide-covered altar of Uskayaw.
  2697 | D:3      | Found a glowing golden altar of the Shining One.
  2698 | D:3      | Found a sparkling altar of Nemelex Xobeh.
  2698 | D:3      | Found a broken altar of Ashenzari.
  2698 | D:3      | Found an ancient bone altar of Kikubaaqudgha.
  2703 | D:3      | Became a worshipper of Gozag Ym Sagoz the Greedy
  2982 | D:2      | Learned a level 3 spell: Frozen Ramparts
  3287 | D:3      | Reached XP level 5. HP: 35/35 MP: 6/10
  3769 | D:4      | Noticed an ogre
  3769 | D:4      | Found a staircase to the Ecumenical Temple.
  3818 | D:3      | Killed an ogre
  3819 | D:3      | Reached XP level 6. HP: 23/41 MP: 0/12
  4612 | D:4      | Found a blossoming altar of Fedhas.
  4616 | D:4      | Noticed a necrophage
  4617 | D:4      | Noticed a necrophage
  4617 | D:4      | Noticed a necrophage
  4617 | D:4      | Noticed a necrophage
  4618 | D:4      | Noticed a necrophage
  4670 | D:5      | Entered Level 5 of the Dungeon
  4681 | D:5      | Reached skill level 1 in Armour
  5148 | D:5      | Found a glowing drain.
  5153 | Sewer    | Entered a sewer
  5618 | Sewer    | Reached XP level 7. HP: 46/46 MP: 11/13
  6029 | D:5      | Reached skill level 2 in Armour
  6169 | D:5      | Reached skill level 5 in Dodging
  6229 | D:5      | Reached skill level 1 in Shields
  6438 | D:5      | Reached skill level 5 in Spellcasting
  6726 | D:5      | Reached XP level 8. HP: 15/52 MP: 7/15
  6963 | D:5      | Noticed a wyvern
  6980 | D:5      | Killed a wyvern
  7929 | D:6      | Noticed Blork the orc
  7936 | D:6      | Killed Blork the orc
  7937 | D:6      | Reached skill level 3 in Armour
  7965 | D:6      | Noticed a manticore
  7977 | D:6      | Reached skill level 1 in Fighting
  7977 | D:6      | Reached skill level 1 in Long Blades
  8209 | D:5      | Reached XP level 9. HP: 7/61 MP: 7/18
  8493 | D:6      | Killed a manticore
  8494 | D:6      | Reached skill level 4 in Armour
  9272 | D:7      | Reached skill level 5 in Armour
 10197 | D:7      | Found a stormy altar of Qazlal.
 10350 | D:7      | Reached XP level 10. HP: 68/73 MP: 12/20
 10432 | D:7      | Reached skill level 6 in Armour
 10702 | D:7      | Found a glowing silver altar of Zin.
 10741 | D:7      | Noticed a gargoyle
 11014 | D:8      | Reached skill level 5 in Fighting
 11015 | D:8      | Reached skill level 5 in Long Blades
 11342 | D:8      | Identified the +5 chain mail of the Harp {rPois}
 11570 | D:8      | HP: 1/74 [steam dragon/ball of steam (7)]
 13302 | D:9      | Noticed Prince Ribbit
 13305 | D:9      | Reached skill level 7 in Armour
 13312 | D:9      | Killed Prince Ribbit
 13388 | D:9      | Noticed Pikel
 13401 | D:9      | Killed Pikel
 13402 | D:9      | Reached skill level 8 in Armour
 13521 | D:9      | Noticed Maurice
 13564 | D:10     | Entered Level 10 of the Dungeon
 13583 | D:10     | Reached skill level 9 in Armour
 14110 | D:10     | Reached XP level 11. HP: 69/81 MP: 8/23
 14290 | D:10     | Noticed a two-headed ogre
 14302 | D:10     | Killed a two-headed ogre
 14303 | D:10     | Reached skill level 10 in Armour
 14363 | D:10     | Found Comnaeb's Antique Armour Shoppe.
 14642 | D:9      | HP: 4/81 [Maurice/bolt of acid (23)]
 14685 | D:10     | Slain by a shadow

Illustrated notes

Levels and vault maps discovered:
D:1:      dpeg_arrival_rhombus, layout_basic, minmay_indecisive_spiral
D:2:      layout_loops_ring, hellmonk_ecumenical_altar_dog_temple, basic_altar,
          minmay_between
D:3:      layout_basic, grunt_temple_overflow_open
D:4:      layout_cave_pools, fedhas_altar_decomposition,
          minmay_temple_entry_proselytizer
D:5:      layout_loops_ring, lightli_sewer_entry_pipes, kennysheep_potato
D:6:      layout_basic, uniq_blork_the_orc
D:7:      layout_basic, mainiacjoe_overflow_catch_the_wave,
          lightli_corner_chamber
D:8:      layout_cave_pods
D:9:      layout_basic, serial_bayou_pond_a, uniq_prince_ribbit1, uniq_erolcha,
          uniq_maurice, uniq_pikel
D:10:     layout_irregular_city, serial_shops, shop, shop_statue,
          nicolae_shop_crystal, minmay_misc_feat_hallway, grunt_ministairs_4,
          uniq_fannar

Skill      XL: |  1  2  3  4  5  6  7  8  9 10 11 |
---------------+----------------------------------+-----
Ice Magic      | 5 6 7 8 |  8.0
Dodging        | 3 4 5 7 8 |  8.0
Spellcasting   | 3 4 5 6 7 8 |  8.0
Armour         | 1 2 3 5 9 10 | 10.6
Shields        | 3 4 |  4.0
Fighting       | 2 4 6 |  6.0
Long Blades    | 2 4 6 |  6.0
Stealth        | |  1.7

Action                   |  1- 3 |  4- 6 |  7- 9 | 10-12 || total
-------------------------+-------+-------+-------+-------++-------
Melee: Short sword       |    43 |    96 |   138 |       ||   277
       Unarmed           |     1 |       |       |       ||     1
       Scimitar          |       |       |    79 |   102 ||   181
 Cast: Freeze            |    53 |    90 |    98 |    87 ||   328
       Ozocubu's Armour  |       |     6 |    17 |     5 ||    28
       Frozen Ramparts   |       |     6 |    27 |    21 ||    54
 Abil: Hop               |       |     2 |     5 |    12 ||    19
  Use: Potion            |       |       |     6 |     4 ||    10
       Scroll            |       |       |       |     9 ||     9
Armor: Robe              |    27 |    39 |       |       ||    66
       Ring mail         |       |    36 |   199 |    29 ||   264
       Chain mail        |       |       |       |   121 ||   121
Dodge: Dodged            |    53 |   138 |   191 |    79 ||   461
Block: Buckler           |       |       |    44 |    51 ||    95

Table legend: (Time is in decaauts)
 A = Elapsed time spent in this place.
 B = Non-inter-level travel time spent in this place.
 C = Inter-level travel time spent in this place.
 D = Time resting spent in this place.
 E = Time spent auto-exploring this place.
 F = Levels seen in this place.
 G = Mean time per level.
                   A        B        C        D        E       F      G
               +--------+--------+--------+--------+--------+-----+--------+
         Total |  15858 |  15394 |    464 |   1352 |  11576 |  11 | 1441.6 |
       Dungeon |  15035 |  14571 |    464 |   1352 |  10835 |  10 | 1503.5 |
         Sewer |    823 |    823 |      0 |      0 |    741 |   1 |  823.0 |
               +--------+--------+--------+--------+--------+-----+--------+

Top non-repeatable levels by time:
     D:5: 2559 daAuts
     D:8: 2016 daAuts
     D:1: 1841 daAuts
     D:7: 1837 daAuts
     D:6: 1538 daAuts
     D:3: 1310 daAuts
     D:2: 1221 daAuts
     D:9: 990 daAuts
    D:10: 928 daAuts
   Sewer: 823 daAuts
     D:4: 790 daAuts
